 Dungeon Crawl Stone Soup version 0.32-a0-328-gd8048dd28f (webtiles) character file.

Game seed: 15678588773180769776

391 kae the Changeling (level 6, 0/40 HPs)
             Began as a Demonspawn Shapeshifter on Feb 16, 2024.
             Slain by Pikel
             ... wielding a +2 whip of freezing
              (1 damage)
             ... on level 3 of the Dungeon.
             The game lasted 00:03:19 (2519 turns).

kae the Changeling (Demonspawn Shapeshifter)        Turns: 2519, Time: 00:03:20

Health: 0/40       AC:  2    Str: 15    XL:     6   Next: 50%
Magic:  6/6        EV: 16    Int: 10    God:
Gold:   119        SH:  0    Dex: 14    Spells: 5/5 levels left

rFire   . .          .
                       - Unarmed
rCold   . . .        (shield currently unavailable)
rNeg    . . .        a - melded +0 animal skin
rPois   +            (no helmet)
rElec   .            (no cloak)
rCorr   +            (no gloves)
SInv    .            (no boots)
Will    .....        (no amulet)
Stlth   +            P - ring of poison resistance
HPRegen 0.26/turn    R - ring of resist corrosion
MPRegen 0.10/turn

%: no passive effects
@: flux-form, glowing
A: glow, contaminating, reduced hp, icy blue scales 1, powered by death 1,
weakness stinger 1
a: Begin Untransformation


You were on level 3 of the Dungeon.
You were something dangerously unstable.
You visited 1 branch of the dungeon, and saw 4 of its levels.

You collected 119 gold pieces.


Innate Abilities, Weirdness & Mutations

You are something dangerously unstable.
You glow with magical radiation, making you easy to see and hit.
Foes you strike become dangerously contaminated with magical radiation.
Your maximum health is decreased, since you lack skill for your form.
You are incapable of wielding weapons or throwing items.
You are partially covered in icy blue scales. (AC +2)
You regenerate a little health from kills.
You have a small tail.


   Skills:
 - Level 1.0 Fighting
 - Level 1.7 Dodging
 - Level 2.6 Unarmed Combat
 + Level 6.3 Shapeshifting


You had 5 spell levels left.
You didn't know any spells.
Your spell library contained the following spells:

 Spells                   Type           Power      Damage    Failure   Level
 Magic Dart               Conj           0%         1d3       36%         1
 Cigotuvi's Dreadful Rot  Necr/Alch/Air  0%         N/A       50%         2
 Searing Ray              Conj           0%         2d4       50%         2
 Inner Flame              Hex/Fire       0%         N/A       75%         3
 Dispel Undead            Necr           0%         3d6       98%         4
 Flame Wave               Conj/Fire      0%         2d4       98%         4
 Fulminant Prism          Conj/Alch      0%         3d5       98%         4
 Martyr's Knell           Necr/Summ      0%         N/A       98%         4
 Sticky Flame             Fire/Alch      0%         2d4       98%         4
 Death Channel            Necr           0%         N/A       100%        6

Inventory:

Missiles
 e - 20 stones (quivered)
 g - 2 javelins
Armour
 a - a +0 animal skin (melded)
Jewellery
 P - a ring of poison resistance (left hand)
   (You found it on level 2 of the Dungeon)
 R - a ring of resist corrosion (right hand)
   (You found it on level 2 of the Dungeon)
Talismans
 c - a beast talisman
 d - a flux talisman (active)
Wands
 b - a wand of light (3)
   (You found it on level 2 of the Dungeon)
Scrolls
 j - a scroll of teleportation {@r4}
Potions
 f - 4 potions of curing {@q1}
 h - a potion of invisibility
 i - 2 potions of heal wounds {@q2}
 l - a potion of mutation {unknown}
 o - a potion of resistance {unknown}
 q - a potion of might {unknown}

Dungeon Overview and Level Annotations

Branches:
Dungeon (4/15) Zot: 21490
 Temple: D:4-7

Altars:

Annotations:
D:3 Pikel

#.............###.#...#.######
#...........).#...#.PP#.#...##
##.........รท.##...##..#.#..###
##โ€ >.##.....##..####.#.#P###.
#########.#....# ###.######
#......##)# #......#
#......##.# ####..##
#......##.# #.## #....Kp#..#
#.# #######..## #.# #.## ##.#
#.### #..# #.#.## #.## #.#P.#
#.# #.#..# ##)# #
#.#..######..####
#.#P.#....)......


You could see Pikel (misshapen).


Message History

Level annotation: Pikel The adder hisses angrily.
Found a scroll labelled QIPSE HERPH.
Found a stone staircase leading down.
There is a stone staircase leading up here.
There are monsters nearby!
There are monsters nearby!
There are monsters nearby!
You hit the adder.
The adder begins to glow.
You tail-slap the adder. The adder closely misses you.
The adder barely misses you.
You closely miss the adder.
You tail-slap the adder, but do no damage.
The adder misses you. The goblin barely misses you.
You hit the adder.
The adder glows dangerously bright.
You tail-slap the adder. The adder bites you.
You are poisoned.
The adder poisons you! The goblin closely misses you.
You closely miss the adder. You tail-slap the adder.
You kill the adder!
You feel sick. ๐Ÿ˜• HP[-2]
You take 2 damage, and now have 37/39 hp.
You closely miss the goblin.
You feel sick. The goblin barely misses you.
You hit the goblin.
The goblin begins to glow.
You feel sick.
The goblin closely misses you. ๐Ÿ˜• HP[-1]
You take 1 damage, and now have 36/39 hp.
You closely miss the goblin.
You feel sick.
You are no longer poisoned.
The goblin closely misses you.
You hit the goblin but do no damage.
The goblin glows dangerously bright.
The goblin hits you but does no damage. ๐Ÿ˜• HP[-1]
You take 1 damage, and now have 35/39 hp.
Unknown command.
A goblin is nearby!
You hit the goblin.
You kill the goblin!
No target in view! ๐Ÿ˜• HP[+3]
You now have 40 max hp (+1).
You regained 3 hp, and now have 38/40 hp.
You see here a scroll labelled QIPSE HERPH.
A lemure is nearby!
Pikel shouts!
There are monsters nearby!
Unknown command. ๐Ÿ˜Ž HP[+2]
Your hp is fully restored (40).
There are monsters nearby!
There are monsters nearby!
The lemure shouts!
You see here a +0 club.
There is a stone staircase leading up here.
Pikel closely misses you.
You climb upwards.
There is a stone staircase leading down here.
Unknown command.
You hit Pikel but do no damage.
Pikel begins to glow.
Pikel hits you with a +2 whip of freezing!
Pikel freezes you.
You are too injured to fight recklessly! ๐Ÿ˜ฎ HP[-13]
You take 13 damage, and now have 27/40 hp.
MASSIVE DAMAGE!! (PAUSE)
You barely miss Pikel. You tail-slap Pikel, but do no damage.
Pikel misses you. ๐Ÿ˜ฎ HP[+1] Unknown command.
You hit Pikel but do no damage.
Pikel glows dangerously bright.
Pikel hits you with a +2 whip of freezing.
Pikel freezes you. ๐Ÿ˜ฎ HP[-3]
You take 3 damage, and now have 25/40 hp.
You hit Pikel.
Pikel shudders as magic cascades through him.
Pikel twists and deforms.
Pikel hits you with a +2 whip of freezing!
* * * LOW HITPOINT WARNING * * *
Pikel freezes you.
* * * LOW HITPOINT WARNING * * *
Unknown command. ๐Ÿ˜จ HP[-12]
You take 12 damage, and now have 13/40 hp.
MASSIVE DAMAGE!! (PAUSE)
You hit Pikel.
Pikel begins to glow.
Pikel hits you with a +2 whip of freezing.
* * * LOW HITPOINT WARNING * * *
Pikel freezes you.
* * * LOW HITPOINT WARNING * * *
๐Ÿ˜ฑ HP[-6]
You take 6 damage, and now have 7/40 hp.
You hit Pikel.
Pikel glows dangerously bright.
Pikel barely misses you.
Unknown command.
You hit Pikel.
Pikel shudders as magic cascades through him!
Pikel twists and deforms.
You tail-slap Pikel, but do no damage.
Pikel hits you with a +2 whip of freezing!
* * * LOW HITPOINT WARNING * * *
Pikel freezes you.
You die...
Pikel says, "See you in Hell!"

Skill      XL: |  1  2  3  4  5  6 |
---------------+-------------------+-----
Shapeshifting  | 3 4 5 6 |  6.3
Fighting       | |  1.0
Dodging        | |  1.7
Unarmed Combat | |  2.6

Action                     |  1- 3 |  4- 6 || total
---------------------------+-------+-------++-------
  Melee: Unarmed           |    53 |   172 ||   225
         Punch             |     1 |     6 ||     7
         Tailslap          |       |    27 ||    27
  Evoke: Wand              |       |     4 ||     4
    Use: Scroll            |     3 |     5 ||     8
         Potion            |     2 |     2 ||     4
 Armour: Animal skin       |    21 |    90 ||   111
         Skin              |     7 |    14 ||    21
  Dodge: Dodged            |    17 |   121 ||   138
   Form: Flux              |       |     1 ||     1

Levels and vault maps discovered:
D:1:      heliophobic_arrival_henge, layout_loops_ring, amethyst_killhole,
          minmay_misc_feat_five
D:2:      layout_basic, uniq_terence
D:3:      layout_rooms, serial_aquarium, aquarium_bridge_straight
          [aquarium_subvault_bridge, aquarium_subvault_wall,
          aquarium_subvault_bridge, aquarium_subvault_wall],
          aquarium_bridge_square [aquarium_subvault_wall,
          aquarium_subvault_balcony, aquarium_subvault_bridge,
          aquarium_subvault_bridge], aquarium_window_corridor_3,
          aquarium_window_corner, aquarium_window_2, aquarium_window_2,
          aquarium_view_2a, aquarium_view_2d, aquarium_pool_2, item_on_display_a
D:4:      layout_cave_pools, uniq_pikel

Notes
Turn   | Place    | Note
-------+----------+-------------------------------------------
     0 | D:1      | kae the Demonspawn Shapeshifter began the quest for the
                  | Orb.
     0 | D:1      | Reached XP level 1. HP: 15/15 MP: 1/1
     0 | D:1      | magus.rc [v1.11.3]
   121 | D:1      | Reached skill level 3 in Shapeshifting
   226 | D:1      | Gained mutation: You regenerate a little health from kills.
                  | [demonic ancestry]
   226 | D:1      | Reached XP level 2. HP: 20/21 MP: 2/2
   305 | D:1      | You pick up a book of Conjurations and begin reading...
   305 | D:1      | You add the spells Magic Dart, Searing Ray and Fulminant
                  | Prism to your library.
   380 | D:1      | HP: 5/21 [kobold/+0 short sword (3)]
   753 | D:2      | Noticed a bombardier beetle
   760 | D:2      | Reached XP level 3. HP: 26/26 MP: 3/3
   766 | D:2      | Reached skill level 4 in Shapeshifting
   766 | D:2      | Gained mutation: You have a small tail. [demonic ancestry]
   766 | D:2      | Reached XP level 4. HP: 32/32 MP: 4/4
   944 | D:2      | Noticed Terence
   951 | D:2      | Killed Terence
  1168 | D:2      | Found the +5 Lochaber axe {reach-cleave, Poleaxe ^Drain}
  1559 | D:3      | Gained mutation: You are partially covered in icy blue
                  | scales. (AC +2) [demonic ancestry]
  1559 | D:3      | Reached XP level 5. HP: 37/37 MP: 5/5
  1566 | D:3      | Reached skill level 5 in Shapeshifting
  1854 | D:3      | Reached XP level 6. HP: 17/43 MP: 6/6
  2013 | D:3      | You pick up a book of Flames and begin reading...
  2013 | D:3      | You add the spells Inner Flame, Sticky Flame and Flame Wave
                  | to your library.
  2035 | D:3      | You pick up a book of Decay and begin reading...
  2035 | D:3      | You add the spells Cigotuvi's Dreadful Rot, Dispel Undead,
                  | Martyr's Knell and Death Channel to your library.
  2142 | D:3      | Reached skill level 6 in Shapeshifting
  2368 | D:4      | Noticed Pikel
  2399 | D:3      | HP: 5/43 [lemure[Pikel] (7)]
  2401 | D:3      | HP: 1/43 [lemure[Pikel] (3)]
  2517 | D:3      | HP: 9/40 [Pikel/+2 whip of freezing (4)]
  2519 | D:3      | HP: 1/40 [Pikel/+2 whip of freezing (7)]
  2519 | D:3      | Slain by Pikel

Vanquished Creatures
  A lemure (D:3)
  3 bombardier beetles
  An orc priest (D:3)
  Terence (D:2)
  An iguana (D:3)
  7 adders
  4 gnolls (D:3)
  A dart slug (D:3)
  4 orcs (D:3)
  5 endoplasms
  3 goblins
  6 hobgoblins
  2 jackals (D:3)
  3 quokkas
  4 ball pythons
  5 bats
  2 frilled lizards
  7 kobolds
  6 rats
66 creatures vanquished.

Table legend:
 A = Non-vault XP
 B = Vault XP
 C = Vault XP percentage of total XP
 D = Non-vault monster count
 E = Vault monster count
 F = Vault count percentage of total count
                 A         B        C        D         E       F
            +---------+---------+-------+---------+---------+-------
      Total |     518 |      41 |   7.3 |      64 |       1 |   1.5
            +---------+---------+-------+---------+---------+-------
        D:1 |      32 |       0 |   0.0 |      13 |       0 |   0.0
        D:2 |     121 |      41 |  25.3 |      15 |       1 |   6.2
        D:3 |     347 |       0 |   0.0 |      34 |       0 |   0.0
        D:4 |      18 |       0 |   0.0 |       2 |       0 |   0.0
            +---------+---------+-------+---------+---------+-------

Skill      XL: |  1  2  3  4  5  6 |
---------------+-------------------+-----
Shapeshifting  | 3 4 5 6 |  6.3
Fighting       | |  1.0
Dodging        | |  1.7
Unarmed Combat | |  2.6

Action                     |  1- 3 |  4- 6 || total
---------------------------+-------+-------++-------
  Melee: Unarmed           |    53 |   172 ||   225
         Punch             |     1 |     6 ||     7
         Tailslap          |       |    27 ||    27
  Evoke: Wand              |       |     4 ||     4
    Use: Scroll            |     3 |     5 ||     8
         Potion            |     2 |     2 ||     4
 Armour: Animal skin       |    21 |    90 ||   111
         Skin              |     7 |    14 ||    21
  Dodge: Dodged            |    17 |   121 ||   138
   Form: Flux              |       |     1 ||     1

Illustrated notes

Table legend:
 A = Kills in this place as a percentage of kills in the entire game.
 B = Kills by you in this place as a percentage of kills by you in the entire game.
 C = Kills by friends in this place as a percentage of kills by friends in the entire game.
 D = Other kills in this place as a percentage of other kills in the entire game.
 E = Experience gained in this place as a percentage of experience gained in the entire game.
 F = Experience gained in this place divided by the number of levels of this place that you have seen.
                   A       B       C       D       E      F
               +-------+-------+-------+-------+-------+----------------------
         Total | 100.0 | 100.0 |   N/A |   N/A | 100.0 | 139.8
       Dungeon | 100.0 | 100.0 |   N/A |   N/A | 100.0 | 139.8
               +-------+-------+-------+-------+-------+----------------------

Table legend: (Time is in decaauts)
 A = Elapsed time spent in this place.
 B = Non-inter-level travel time spent in this place.
 C = Inter-level travel time spent in this place.
 D = Time resting spent in this place.
 E = Time spent auto-exploring this place.
 F = Levels seen in this place.
 G = Mean time per level.
                   A        B        C        D        E       F      G
               +--------+--------+--------+--------+--------+-----+--------+
         Total |   2508 |   2393 |    115 |    162 |   1644 |   4 |  627.0 |
       Dungeon |   2508 |   2393 |    115 |    162 |   1644 |   4 |  627.0 |
               +--------+--------+--------+--------+--------+-----+--------+

Top non-repeatable levels by time:
     D:3: 946 daAuts
     D:2: 769 daAuts
     D:1: 746 daAuts
     D:4: 46 daAuts
